 Dungeon Crawl Stone Soup version 0.31.0-32-g396128a36d (webtiles) character file.

Game seed: 6168316372078406093

28 booth the Changeling (level 2, -6/24 HPs)
             Began as a Draconian Shapeshifter on Mar 17, 2024.
             Mangled by Sigmund
             ... wielding a +0 scythe
              (10 damage)
             ... on level 2 of the Dungeon.
             The game lasted 00:09:22 (979 turns).

booth the Changeling (Draconian Shapeshifter)        Turns: 979, Time: 00:09:23

Health: -6/24      AC:  4    Str: 16    XL:     2   Next: 96%
Magic:  2/2        EV: 12    Int: 10    God:
Gold:   22         SH:  0    Dex: 10    Spells: 1/1 levels left

rFire   + .          .
                       - Unarmed
rCold   . . .        (no shield)
rNeg    . . .        (body armour unavailable)
rPois   .            (helmet currently unavailable)
rElec   .            (cloak currently unavailable)
rCorr   .            (gloves currently unavailable)
SInv    .            (boots currently unavailable)
Will    .....        (no amulet)
Stlth   +            (no ring)
HPRegen 0.24/turn    (no ring)
MPRegen 0.08/turn

%: random rage (3%)
@: confused, beast-form
A: beast (slay +1), AC +4, unfitting armour, cold-blooded, antennae 1, berserk
1, fire resistance 1
a: Begin Untransformation


You were on level 2 of the Dungeon.
You were a hulking beast.
You visited 1 branch of the dungeon, and saw 2 of its levels.

You collected 22 gold pieces.

Inventory:

Hand Weapons
 e - a +0 dagger
 k - a +0 whip
Armour
 l - a +2 pair of boots
Talismans
 b - a beast talisman
 c - a flux talisman
 m - a blade talisman
Scrolls
 j - 2 scrolls of vulnerability
 n - a scroll of poison {unknown}
Potions
 a - 3 potions of lignification
 d - 2 potions of brilliance
 f - a potion of ambrosia
 g - a potion of mutation
 h - a potion of degeneration {unknown}
 i - a potion of berserk rage {unknown}
 o - a potion of curing {unknown}
 p - a potion of cancellation {unknown}


   Skills:
 + Level 1.8 Fighting
 + Level 2.1 Dodging
 + Level 3.3 Unarmed Combat
 * Level 3.3 Shapeshifting


You had one spell level left.
You didn't know any spells.
Your spell library contained the following spells:

 Spells                   Type           Power      Damage    Failure   Level
 Sting                    Conj/Alch      0%         1d3       36%         1
 Mercury Vapours          Alch/Air       0%         N/A       50%         2
 Gell's Gravitas          Tloc           0%         N/A       75%         3
 Teleport Other           Tloc           0%         N/A       75%         3
 Olgreb's Toxic Radiance  Alch           0%         N/A       98%         4
 Dispersal                Tloc           0%         N/A       100%        6


Dungeon Overview and Level Annotations

Branches:
Dungeon (2/15)

Altars:

Annotations:
D:2 Sigmund


Innate Abilities, Weirdness & Mutations

You are a hulking beast.
Your limbs bulge with bestial killing power. (Slay +1)
Your plain brown scales are hard. (AC +4)
You cannot fit into any form of body armour.
You are cold-blooded and may be slowed by cold attacks.
You have a pair of small antennae on your head.
You sometimes lose your temper in combat.
Your flesh is heat resistant. (rF+)


Message History

You feel invigorated.
You hear some strange, mumbled words.
You are more confused.
You bump into the rock wall.
Something hits you.
You bump into the rock wall.
You bump into the rock wall.
Something hits you but does no damage.
You're too confused to move!
You hear some strange, mumbled words.
You are more confused.
You hear some strange, mumbled words.
You are more confused.
You feel less invigorated. Something hits you.
You bump into the rock wall.
You miss something. Something hits you!
You bump into the rock wall.
Something barely misses you.
You bump into the rock wall.
You bump into the closed door.
Something hits you.
* * * LOW HITPOINT WARNING * * *
You bump into the rock wall.
Something hits you but does no damage.
You hit something.
Your tail-slap misses something.
Your punch misses something.
You bump into the rock wall.
Something barely misses you.
You bump into the closed door.
Sigmund appears from thin air!
Reactivating autopickup.
Sigmund gestures at you while chanting. The puff of flame hits you.
* * * LOW HITPOINT WARNING * * *
You closely miss Sigmund.
Your tail-slap misses Sigmund.
Sigmund is lightly wounded.
It was a potion of mutation.
You feel extremely strange.
You feel a little pissed off.
You feel resistant to heat. A pair of antennae grows on your head!
Sigmund closely misses you.
You are too confused!
You barely miss Sigmund.
You tail-slap Sigmund, but do no damage.
Sigmund is lightly wounded.
Sigmund hits you with a +0 scythe!
You die...
Sigmund begins carving another notch in his scythe.

### #.+ #.# #.# #..
#+# ### #.###.## .
..# #......# ..##.#
#.....####+## ....
#÷.<..'..h@.#
####.###.....#####..#
.............# .(#
####.........# ...
......###'''## ...
####.###.....### ..
###.†.......## .
##...........##
##......#......##


You could see Sigmund.

Vanquished Creatures
  A dart slug (D:2)
  3 ball pythons
  An endoplasm (D:1)
  3 giant cockroaches
  2 goblins
  3 hobgoblins
  A quokka (D:1)
  3 bats (D:1)
  A frilled lizard (D:1)
  3 kobolds
  3 rats
24 creatures vanquished.

Notes
Turn   | Place    | Note
-------+----------+-------------------------------------------
     0 | D:1      | booth the Draconian Shapeshifter began the quest for the
                  | Orb.
     0 | D:1      | Reached XP level 1. HP: 16/16 MP: 1/1
   167 | D:1      | Reached XP level 2. HP: 20/23 MP: 2/2
   950 | D:2      | Noticed Sigmund
   978 | D:2      | Gained mutation: You sometimes lose your temper in combat.
                  | [potion of mutation]
   978 | D:2      | Gained mutation: Your flesh is heat resistant. (rF+)
                  | [potion of mutation]
   978 | D:2      | Gained mutation: You have a pair of small antennae on your
                  | head. [potion of mutation]
   979 | D:2      | Mangled by Sigmund

Illustrated notes

Levels and vault maps discovered:
D:1:      shiori_arrival_maze, layout_rooms
D:2:      layout_basic, basic_altar, kennysheep_donut, nicolae_hexahallways,
          uniq_robin, uniq_sigmund

Skill      XL: |  1 |
---------------+----+-----
Dodging        | 2 |  2.1
Fighting       | |  1.8
Unarmed Combat | |  3.3
Shapeshifting  | |  3.3

Action                     || total
---------------------------++-------
  Melee: Unarmed           ||    77
         Tailslap          ||     7
         Punch             ||     2
    Use: Scroll            ||     3
         Potion            ||     2
 Armour: Skin              ||    51
  Dodge: Dodged            ||    44
